 Dungeon Crawl Stone Soup version 0.23-a0-550-g7de1f8e (webtiles) character file.

27 Lavandula the Cutter (level 3, 0/31 HPs)
             Began as a Halfling Enchanter on Dec 9, 2018.
             Succumbed to an adder's poison
             ... on level 2 of the Dungeon.
             The game lasted 00:03:05 (700 turns).

Lavandula the Cutter (Halfling Enchanter)            Turns: 700, Time: 00:03:05

Health: 0/31       AC: 21    Str:  9    XL:     3   Next: 25%
Magic:  1/5        EV:  3    Int: 14    God:
Gold:   7          SH:  0    Dex: 14    Spells: 2/5 levels left

rFire    + . .     SeeInvis .   a - +1 dagger
rCold    + . .     Gourm    .   (shield restricted)
rNeg     + + +     Faith    .   (armour currently unavailable)
rPois    +         Spirit   .   (helmet currently unavailable)
rElec    +         Reflect  .   (cloak currently unavailable)
rCorr    +         Harm     .   (gloves currently unavailable)
MR       .....     NoTele   +   (boots currently unavailable)
Stlth    ++........             (no amulet)
HPRegen  0.10/turn              (no ring)
MPRegen  0.09/turn              (no ring)

@: lethally poisoned (0 -> -4), tree-form, resistant
A: small, mutation resistance 1
a: no special abilities


You were on level 2 of the Dungeon.
You were not hungry.
You were a tree.
You visited 1 branch of the dungeon, and saw 2 of its levels.

You collected 7 gold pieces.

Inventory:

Hand Weapons
 a - a +1 dagger (weapon)
Armour
 b - a +0 robe (melded)
 l - a +0 buckler
Jewellery
 i - an uncursed ring of fire
Scrolls
 c - 2 scrolls of teleportation {unknown}
 e - a scroll of remove curse {unknown}
 f - a scroll of blinking {unknown}
 g - 2 scrolls of enchant armour {unknown}
 h - a scroll of identify {unknown}
 m - a scroll of magic mapping {unknown}
Comestibles
 d - 2 rations


   Skills:
 - Level 3.6 Short Blades
 - Level 2.1 Dodging
 - Level 3.2 Stealth
 - Level 1.5 Spellcasting
 - Level 2.4 Hexes


You had 2 spell levels left.
You knew the following spells:

 Your Spells              Type           Power        Failure   Level  Hunger
a - Corona                Hex            #......      10%         1    ##.....
b - Ensorcelled Hibernat  Hex/Ice        #.....       22%         2    ###....

Your spell library contained the following spells:

 Spells                   Type           Power        Failure   Level  Hunger
 Confuse                  Hex            #.......     28%         3    ####...
 Tukima's Dance           Hex            #.......     28%         3    ####...
 Dazzling Spray           Conj/Hex       #.....       41%         3    ####...


Dungeon Overview and Level Annotations

Branches:
Dungeon (2/15)

Altars:


Innate Abilities, Weirdness & Mutations

You are small and have problems with some larger weapons.
You are somewhat resistant to further mutation.


Message History

You hit the adder but do no damage.
The adder is moderately wounded.
The adder bites you but does no damage.
You barely miss the adder.
The adder is moderately wounded.
* * * LOW HITPOINT WARNING * * *
You feel sick. The adder bites you but does no damage.
You closely miss the adder.
The adder is moderately wounded.
The adder bites you but does no damage.
You hit the adder.
The adder is severely wounded.
The adder bites you but does no damage.
You hit the adder but do no damage.
The adder is severely wounded.
The adder bites you.
* * * LOW HITPOINT WARNING * * *
You closely miss the adder.
The adder is severely wounded.
You die...

...###)#######.......
##.###....###......#.##
..............####....#
##.#######............#
#..# #########....#
##.# ....## #.# #.....#
#.#### ##....... #.<..#
#####♣.# ####.###
#...S.## #.<)###.#####
###..#..# ##...## #..##
#..# #... ...##


You could see an adder.

Vanquished Creatures
  A leopard gecko (D:1)
  3 bats
  A giant cockroach (D:1)
  4 goblins
  3 hobgoblins
  5 jackals (D:2)
  A ball python (D:1)
  2 frilled lizards (D:1)
  2 kobolds
  2 rats (D:2)
24 creatures vanquished.

Notes
Turn   | Place    | Note
-------+----------+-------------------------------------------
     0 | D:1      | Lavandula the Halfling Enchanter began the quest for the
                  | Orb.
     0 | D:1      | Reached XP level 1. HP: 11/11 MP: 3/3
   128 | D:2      | Reached XP level 2. HP: 15/17 MP: 2/4
   406 | D:1      | Learned a level 2 spell: Ensorcelled Hibernation
   459 | D:1      | Reached XP level 3. HP: 14/21 MP: 3/5
   699 | D:2      | HP: 1/31 [adder (1)]
   700 | D:2      | Succumbed to an adder's poison

Vault maps used:
D:1:      minmay_arrival_stone_box, minmay_hexomino_f4
D:2:      old_standard_altar, lemuel_doored_altar,
          chequers_serial_rivers_large_b, nemelex_altar_shiori

Skill      XL: |  1  2 |
---------------+-------+-----
Short Blades   | 2 3 |  3.6
Dodging        | |  2.1
Stealth        | |  3.2
Spellcasting   | |  1.5
Hexes          | |  2.4

Action                   || total
-------------------------++-------
Melee: Dagger            ||   118
 Cast: Corona            ||     7
       Ensorcelled Hiber ||     4
  Use: Potion            ||     2
 Stab: Sleeping          ||     2
       Distracted        ||     1
Armor: Robe              ||    13
       Skin              ||    17
Dodge: Dodged            ||    79

Table legend:
 A = Non-vault XP
 B = Vault XP
 C = Vault XP percentage of total XP
 D = Non-vault monster count
 E = Vault monster count
 F = Vault count percentage of total count
                 A         B        C        D         E       F
            +---------+---------+-------+---------+---------+-------
      Total |      33 |       6 |  15.4 |      20 |       4 |  16.7
            +---------+---------+-------+---------+---------+-------
        D:1 |      13 |       6 |  31.6 |       8 |       4 |  33.3
        D:2 |      20 |       0 |   0.0 |      12 |       0 |   0.0
            +---------+---------+-------+---------+---------+-------
